Unix NetHack Version 5.0.0-0 post-release - last build Jun 10 2026 00:39:30 (3ee93aec679c4c4259841fe613dc97188e26a321,branch:main).

Game began 2026-07-02 15:10:36, ended 2026-07-07 15:52:28.

A4Paper, chaotic female elven Wizard

             ----
            --.^|
         ----...--
         |.......--
         |...>....|
         ----.....|----
            |....-|...-----
            --....|....--..
       ----  --...)......%.
       |..--    .....@..)..
       |...|  ---........-
       |-..|  |........--
       |...----.---...%-
       |........---...-..
       ---......)......%
         --------------

A4Paper the Conjurer      St:9 Dx:15 Co:13 In:20 Wi:10 Ch:10  Chaotic S:1619
Dlvl:5  $:531 HP:0(27) Pw:4(52) AC:10 Xp:5/217 T:1722 

Latest messages:
 The spell hits the gnome!
 You kill the gnome!
 What do you want to drink? [fgqtvx or ?*]
 You feel better.
 The gnome shoots 2 crossbow bolts!
 You are hit by the 1st crossbow bolt.
 You are hit by the 2nd crossbow bolt!
 The gnome shoots 2 crossbow bolts!
 You are hit by the 1st crossbow bolt!
 You are hit by the 2nd crossbow bolt.
 The gnome throws a dagger!
 You are hit by a dagger.
 What do you want to drink? [fgqtvx or ?*]
 You feel better.
 The gnome wields 2 daggers!
 You miss the gnome.
 The gnome thrusts one of his daggers.
 The gnome hits!
 You hit the gnome!
 The gnome thrusts one of his daggers.
 The gnome hits!
 You kill the gnome!
 The gnome shoots 2 crossbow bolts!
 You are hit by the 1st crossbow bolt.
 You are hit by the 2nd crossbow bolt.
 The gnome shoots a crossbow bolt!
 You are hit by a crossbow bolt.
 Wizard is about to die.
 What do you want to drink? [fgqtvx or ?*]
 You feel better.
 In what direction?
 The spell hits the gnome!
 You kill the gnome!
 M - a black gem.
 You hear crashing rock.
 What do you want to use or apply? [ck-npry or ?*]
 Your candles' flames burn brightly!
 You hear some noises in the distance.
 You hear some noises in the distance.
 You are enveloped in a cloud of gas!
 You are almost hit by a dagger.
 It hits!
 It hits!
 In what direction?
 The spell hits it!
 It resists!
 It hits!
 You die...
 Do you want your possessions identified? [ynq] (y)
 Do you want to see your attributes? [ynq] (y)

Inventory:
 Coins    ('$')
  $ - 531 gold pieces
 Weapons  (')')
  a - a blessed +1 quarterstaff (weapon in hands)
 Armor    ('[')
  b - an uncursed burnt +0 cloak of magic resistance (being worn)
 Comestibles  ('%')
  F - an uncursed slime mold
  u - an uncursed food ration
  z - an uncursed food ration
 Scrolls  ('?')
  K - an uncursed scroll of create monster
  h - 2 uncursed scrolls of destroy armor
  i - an uncursed scroll of genocide
 Spellbooks  ('+')
  k - a blessed spellbook of force bolt
  l - an uncursed spellbook of knock
  p - an uncursed spellbook of magic missile
 Potions  ('!')
  v - an uncursed potion of blindness
  g - an uncursed potion of confusion
  f - an uncursed potion of healing
  t - an uncursed potion of sickness
  x - a potion of holy water
  q - an uncursed potion of water
 Rings    ('=')
  H - a cursed -1 ring of gain constitution
  B - an uncursed -1 ring of increase damage
  e - an uncursed ring of protection from shape changers
  A - an uncursed ring of regeneration
  d - an uncursed ring of searching (on right hand)
 Wands    ('/')
  r - a wand of lightning (0:2)
  c - a wand of make invisible (0:8)
 Tools    ('(')
  n - an uncursed wooden flute
  m - a magic marker (0:19)
  y - 2 uncursed partly used wax candles (lit)
 Gems/Stones  ('*')
  M - an uncursed worthless piece of black glass
  C - a cursed worthless piece of black glass
  s - 5 uncursed worthless pieces of red glass
  o - a cursed worthless piece of red glass
  I - an uncursed worthless piece of violet glass
  L - an uncursed worthless piece of yellow glass

A4Paper the Wizard's attributes:

Background:
 You were a Conjurer, a level 5 female elven Wizard.
 You were chaotic, nominally on a mission for Anhur
 who was opposed by Ptah (lawful) and Thoth (neutral).
 You were right-handed.
 You were in the Gnomish Mines, on level 5.
 You entered the dungeon 1722 turns ago.
 You had 217 experience points, 103 more were needed to attain level 6.
 Your score was 1619 before end-of-game adjustments.

Basics:
 You had 0 out of 27 hit points.
 You had 4 out of 52 energy points (spell power).
 Your armor class was 10.
 Your wallet contained 531 zorkmids.
 Autopickup was off.

Final Characteristics:
 Your strength was 9 (limit:18).
 Your dexterity was 15 (limit:18).
 Your constitution was 13 (limit:16).
 Your intelligence was 20 (limit:20).
 Your wisdom was 10 (limit:20).
 Your charisma was 10 (limit:18).

Final Status:
 You weren't hungry.
 You were unencumbered.
 You were wielding a quarterstaff.
 You had basic skill with quarterstaff.

Final Attributes:
 You were nominally aligned.
 You were magic-protected.
 You were sleep resistant.
 You had automatic searching.
 You had infravision.
 You were warded.
 You were unlucky.
 You are dead.

Miscellaneous:
 You didn't encounter any bones levels.
 Total elapsed playing time was 12 minutes and 48 seconds.

Major events:
 Turn
    1: A4Paper the chaotic female elven Wizard entered the dungeon
  347: attained the rank of Conjurer (level 3)
 1588: entered the Gnomish Mines
 1722: killed by an invisible dwarf

Spells:
 Name                 Level Category     Fail Retention
 force bolt             1   attack         0%  91%-100%
 knock                  1   matter         0%  76%-100%
 magic missile          2   attack         0%  91%-100%

Skills:
 Fighting Skills
   bare handed combat [Unskilled]
   riding             [Unskilled]
 Weapon Skills
   dagger             [Unskilled]
   knife              [Unskilled]
   axe                [Unskilled]
   short sword        [Unskilled]
   club               [Unskilled]
   mace               [Unskilled]
   quarterstaff       [Basic]
   polearms           [Unskilled]
   spear              [Unskilled]
   trident            [Unskilled]
   sling              [Unskilled]
   dart               [Unskilled]
   shuriken           [Unskilled]
 Spellcasting Skills
   attack spells      [Basic]
   healing spells     [Unskilled]
   divination spells  [Unskilled]
   enchantment spells [Basic]
   clerical spells    [Unskilled]
   escape spells      [Unskilled]
   matter spells      [Unskilled]

Voluntary challenges:
 Character rerolling was not enabled.
 You were an atheist.
 You never genocided any monsters.
 You never polymorphed an object.
 You never changed form.
 You used no wishes.
Achievements:
 You attained the rank of Conjurer.
 You entered a shop.
 You entered the Gnomish Mines.

 The Dungeons of Doom: levels 1 to 3
    Level 1:
    Level 2:
       Stairs down to The Gnomish Mines.
    Level 3:
       A general store.
 The Gnomish Mines: levels 3 to 5
    Level 3:
    Level 5: <- You were here.
       Final resting place for
          you, killed by an invisible dwarf.


Vanquished creatures:
  a shrieker
  a dwarf
  2 homunculi
  a kobold leader
  a dwarf zombie
 an iguana
 an acid blob
  a gas spore
  2 hobbits
  a cave spider
  a yellow mold
  a green mold
 11 gnomes
  3 garter snakes
  2 geckos
  a fox
  a kobold
  5 goblins
  4 sewer rats
  a grid bug
  5 lichens
  2 newts
49 creatures vanquished.

No species were genocided or became extinct.

Game over:
                       ----------
                      /          \
                     /    REST    \
                    /      IN      \
                   /     PEACE      \
                  /                  \
                  |     A4Paper      |
                  |      531 Au      |
                  |   killed by an   |
                  | invisible dwarf  |
                  |                  |
                  |                  |
                  |       2026       |
                 *|     *  *  *      | *
        _________)/\\_//(\/(/\)/\//\/|_)_______

Goodbye A4Paper the Wizard...

You died in The Gnomish Mines on dungeon level 5 with 1566 points,
and 531 pieces of gold, after 1722 moves.
You were level 5 with a maximum of 27 hit points when you died.

